 Dungeon Crawl Stone Soup version 0.24.0-123-gd5b16e6ec5 (webtiles) character file.

Game seed: 4567130198335986959, levelgen mode: deterministic

412 Bluestream the Magician (level 6, -1/48 HPs)
             Began as a Deep Elf Fire Elementalist on Feb 3, 2020.
             Slain by a big kobold
             ... wielding the +3 whip of Linearity {drain, rF+ MR+}
              (2 damage)
             ... on level 3 of the Dungeon.
             The game lasted 00:12:25 (3376 turns).

Bluestream the Magician (DEFE)                      Turns: 3376, Time: 00:12:25

Health: -1/48      AC:  8    Str:  7 (10) XL:     6   Next: 59%
Magic:  11/16      EV: 11    Int: 21 (22) God:
Gold:   169        SH:  0    Dex: 12 (15) Spells: 10/16 levels left

rFire    . . .     SeeInvis .   n - +2 whip (holy)
rCold    . . .     Gourm    .   (no shield)
rNeg     . . .     Faith    .   a - +0 robe
rPois    .         Spirit   .   (no helmet)
rElec    .         Reflect  .   (no cloak)
rCorr    .         Harm     .   g - +0 pair of gloves
MR       .....                  (no boots)
Stlth    ..........             (no amulet)
HPRegen  0.16/turn              e - ring of wizardry
MPRegen  0.15/turn              l - +5 ring of protection

@: berserking, lethally poisoned (-1 -> -2), heavily drained, very quick
A: no striking features
a: no special abilities


You were on level 3 of the Dungeon.
You were hungry.

You visited 1 branch of the dungeon, and saw 3 of its levels.
You also visited: Sewer.

You collected 169 gold pieces.

Inventory:

Hand Weapons
 n - a +2 whip of holy wrath (weapon)
Armour
 a - a +0 robe (worn)
 g - a +0 pair of gloves (worn)
 m - a +0 cloak
Jewellery
 e - a ring of wizardry (left hand)
 l - a +5 ring of protection (right hand)
 q - an uncursed ring of protection from magic
 w - a cursed ring of attention {unknown}
Wands
 v - a wand of acid (10)
Scrolls
 f - a scroll of enchant weapon {unknown}
 h - 2 scrolls of identify
 i - 2 scrolls of teleportation {unknown}
 j - 3 scrolls of remove curse {unknown}
 k - a scroll of fear
 o - a scroll of random uselessness {unknown}
 p - a scroll of blinking {unknown}
 s - a scroll of fog {unknown}
 t - a scroll of immolation {unknown}
Potions
 b - a potion of degeneration
 d - a potion of berserk rage
 r - a potion of lignification {unknown}
Comestibles
 c - 9 rations


   Skills:
 - Level 2.4(0.7) Dodging
 - Level 2.4(0.7) Stealth
 + Level 5.9(4.1) Spellcasting
 + Level 4.3(2.6) Conjurations
 + Level 5.4(3.6) Fire Magic


You had 10 spell levels left.
You knew the following spells:

 Your Spells              Type           Power        Failure   Level  Hunger
a - Flame Tongue          Conj/Fire      ###..        1%          1    None
b - Throw Flame           Conj/Fire      ###...       1%          2    #......
c - Conjure Flame         Conj/Fire      ###.....     4%          3    ###....

Your spell library contained the following spells:

 Spells                   Type           Power        Failure   Level  Hunger
 Inner Flame              Hex/Fire       ##......     7%          3    ###....
 Sticky Flame             Conj/Fire      ###.....     13%         4    ####...
 Fireball                 Conj/Fire      ###.......   32%         5    ######.


Dungeon Overview and Level Annotations

Branches:
Dungeon (3/15)              Sewer (visited)

Altars:

Annotations:
D:3 Sysandra's ghost, amateur DECj


Message History

* * * LOW HITPOINT WARNING * * *
You feel drained.
You hit the big kobold.
The big kobold is moderately wounded.
You whack the big kobold!
The big kobold is heavily wounded.
The big kobold closely misses you.
You hit the big kobold.
The big kobold is severely wounded.
You closely miss the big kobold.
The big kobold is severely wounded.
* * * LOW HITPOINT WARNING * * *
You feel sick.
The big kobold hits you with the +3 whip of Linearity {drain, rF+ MR+}.
* * * LOW HITPOINT WARNING * * *
You feel drained.
You barely miss the big kobold.
The big kobold is severely wounded.
The big kobold hits you with the +3 whip of Linearity {drain, rF+ MR+}.
You die...

#.# #.......# #.#
#.......# #.###.......#
#...).......#
#############.......#
.........# #.......#
#.######.# #.......#
#.# #.# ####.#### #.#
#.# #@K§W# #.# #.#
####K# #.# #.#### #.#
#.# #####..# ##W#######
#.#
##≈⌠≈##.######........#
#.#
#.....#.KK......#####.#
#.##..###.'.K######.#
#.# #.##....K.'..# #.#
#.# #.##..###K'.## #.#
#.#


You could see 2 big kobolds and Sysandra's ghost.

Vanquished Creatures
  A crocodile (Sewer)
  3 orc priests (D:3)
  An orc wizard (D:3)
  Natasha (thrice) (D:2)
  4 adders
  An ooze (D:3)
  4 worms
  2 dart slugs
  3 leopard geckos
  7 orcs (D:3)
  A ball python (D:3)
  8 bats
  2 giant cockroaches (D:3)
  8 goblins
  9 hobgoblins
  2 jackals (Sewer)
  14 kobolds
  3 frilled lizards
  10 rats
86 creatures vanquished.

Vanquished Creatures (others)
  2 fungi (D:3)
  2 plants (D:3)
4 creatures vanquished.

Grand Total: 90 creatures vanquished

Notes
Turn   | Place    | Note
-------+----------+-------------------------------------------
     0 | D:1      | Bluestream the Deep Elf Fire Elementalist began the quest
                  | for the Orb.
     0 | D:1      | Reached XP level 1. HP: 10/10 MP: 6/6
   169 | D:1      | Reached XP level 2. HP: 10/15 MP: 4/8
   485 | D:2      | Noticed Natasha
   800 | D:2      | Reached XP level 3. HP: 10/19 MP: 6/10
   835 | D:2      | Killed Natasha
   988 | D:2      | Reached XP level 4. HP: 23/24 MP: 6/12
  1045 | D:2      | Noticed Natasha
  1053 | D:2      | Killed Natasha
  1284 | D:2      | Noticed Natasha
  1292 | D:2      | Killed Natasha
  1292 | D:2      | Reached XP level 5. HP: 28/28 MP: 7/14
  1397 | D:2      | Learned a level 2 spell: Throw Flame
  1401 | D:2      | Learned a level 3 spell: Conjure Flame
  1686 | D:3      | Reached skill level 5 in Spellcasting
  1768 | D:3      | Found a runed translucent gate.
  1769 | D:3      | Found a runed translucent gate.
  1771 | D:3      | Found a runed translucent gate.
  1772 | D:3      | Identified the +3 whip of Linearity {drain, rF+ MR+}
  1773 | D:3      | Noticed Sysandra's ghost (amateur DECj)
  2069 | D:3      | Found a glowing drain.
  2073 | Sewer    | Entered a sewer
  2394 | Sewer    | Noticed a crocodile
  2402 | Sewer    | Killed a crocodile
  2402 | Sewer    | Reached skill level 5 in Fire Magic
  2402 | Sewer    | Reached XP level 6. HP: 20/32 MP: 7/16
  3371 | D:3      | HP: 2/48 [big kobold/the +3 whip of Linearity {drain, rF+
                  | MR+} (2)]
  3376 | D:3      | Slain by a big kobold

Levels and vault maps discovered:
D:1:      dpeg_arrival_more_subterranean_lakeside_camping, layout_basic
D:2:      layout_rooms, uniq_natasha
D:3:      layout_loops_ring, gammafunk_ghost_nasty_kobolds, first_ration,
          gup_sewer_entry_spiral, minmay_misc_feat_enclosed

Skill      XL: |  1  2  3  4  5  6 |
---------------+-------------------+-----
Conjurations   | 2 3 4 |  4.3
Spellcasting   | 4 5 |  5.9
Fire Magic     | 4 5 |  5.4
Dodging        | |  2.4
Stealth        | |  2.4

Action                   |  1- 3 |  4- 6 || total
-------------------------+-------+-------++-------
Melee: Whip              |     7 |    28 ||    35
 Cast: Flame Tongue      |    45 |    73 ||   118
       Throw Flame       |       |    25 ||    25
       Conjure Flame     |       |     2 ||     2
  Use: Scroll            |       |     2 ||     2
       Potion            |       |     2 ||     2
  Eat: Chunk             |       |     7 ||     7
Armor: Robe              |     2 |    12 ||    14
Dodge: Dodged            |    19 |    24 ||    43
